 Dungeon Crawl Stone Soup version 0.29-a0-187-ga23d9638d5 (webtiles) character file.

Game seed: 6849226944840287376

65 Hasart the Sneak (level 3, -2/19 HPs)
             Began as a Vampire Enchanter on Feb 21, 2022.
             Slain by a killer bee zombie (4 damage)
             ... on level 3 of the Dungeon.
             The game lasted 00:04:21 (2130 turns).

Hasart the Sneak (Vampire Enchanter)                Turns: 2130, Time: 00:04:22

Health: -2/19      AC:  2    Str:  7    XL:     3   Next: 92%
Magic:  3/6        EV: 12    Int: 19    God:
Gold:   93         SH:  0    Dex: 14    Spells: 1/6 levels left

rFire   . . .      SeeInvis +   a - +1 dagger
rCold   + + .      Faith    .   (no shield)
rNeg    + + +      Spirit   .   b - +0 robe
rPois   ∞          Reflect  .   (no helmet)
rElec   .          Harm     .   (no cloak)
rCorr   .          Rampage  .   (no gloves)
Will    .....                   (no boots)
Stlth   +++++.....              (no amulet)
HPRegen 0.00/turn               (no ring)
MPRegen 0.10/turn               (no ring)

@: confusing by touch, bloodless, inhibited regen
A: bloodless, fangs 3, see invisible, vampiric 2
a: Bat Form, Revivify


You were on level 3 of the Dungeon.
You visited 1 branch of the dungeon, and saw 3 of its levels.

You collected 93 gold pieces.

Inventory:

Hand Weapons
 a - a +1 dagger (weapon)
Armour
 b - a +0 robe (worn)
Scrolls
 f - 2 scrolls of teleportation {unknown}
 h - a scroll of identify {unknown}
 i - a scroll of fog {unknown}
Potions
 c - 3 potions of invisibility
 d - a potion of brilliance {unknown}
 e - a potion of berserk rage {unknown}
 g - a potion of attraction {unknown}


   Skills:
 + Level 1.7 Short Blades
 + Level 2.7 Dodging
 + Level 5.2 Stealth
 + Level 2.4 Spellcasting
 + Level 5.0 Hexes
 + Level 1.1 Ice Magic


You had one spell level left.
You knew the following spells:

 Your Spells              Type           Power      Damage    Failure   Level
a - Ensorcelled Hibernat  Hex/Ice        26%        N/A       7%          2
b - Confusing Touch       Hex            21%        N/A       6%          3

Your spell library contained the following spells:

 Spells                   Type           Power      Damage    Failure   Level
 Tukima's Dance           Hex            21%        N/A       6%          3
 Dazzling Flash           Conj/Hex       22%        N/A       17%         3
 Yara's Violent Unravell  Hex/Tmut       5%         3d4       85%         5
 Enfeeble                 Hex            10%        N/A       100%        7


Dungeon Overview and Level Annotations

Branches:
Dungeon (3/15)

Altars:


Innate Abilities, Weirdness & Mutations

You do not regenerate when monsters are visible.
You are frail without blood (-20% HP).
You can heal yourself when you bite living creatures.
You are immune to poison.
You have razor-sharp teeth.
You have supernaturally acute eyesight. (SInv)
You are afflicted with vampirism and can become a bat while bloodless.


Message History

The giant cockroach completely misses you.
You hit the giant cockroach. Your bite misses the giant cockroach.
The giant cockroach is severely wounded.
The giant cockroach bites you but does no damage.
You hit the giant cockroach.
You kill the giant cockroach!
No target in view!
No target in view!
You see here a giant cockroach corpse.
You open the door.
There is an open door here.
Done exploring.
Done exploring.
Done exploring.
(D) Dungeon
Where to? (Enter - D:2, ? - help)
There is a stone staircase leading down here.
You climb downwards.
There is a stone staircase leading up here.
Found a stone staircase leading down.
There is a stone staircase leading up here.
There is a stone staircase leading up here.
Found a robe.
A killer bee zombie comes into view.
Found a spiked chain mail.
The killer bee zombie hits you. x2
You closely miss the killer bee zombie.
The killer bee zombie closely misses you.
You closely miss the killer bee zombie. Your bite misses the killer bee zombie.
The killer bee zombie closely misses you. x2
You hit the killer bee zombie.
The killer bee zombie is lightly damaged.
The killer bee zombie hits you. x2
* * * LOW HITPOINT WARNING * * *
You are too injured to fight recklessly!
Casting: Ensorcelled Hibernation (safe; 7% risk of failure)
Confirm with . or Enter, or press ? or * to list all spells.
The spell is quite dangerous to miscast (6% risk of failure)!
Continue anyway?
Your hands begin to glow red.
The killer bee zombie hits you.
You die...

......# ......######
..........>#
......###..#
.....<..#..#
#####.#.#..#
......#.#..###########
........#..#.....?..[#
#########..#....@Z[..#
...................#
##########.........#
######+####


You could see a killer bee zombie.

Vanquished Creatures
  2 adders (D:2)
  A worm (D:2)
  6 bats
  5 endoplasms
  2 giant cockroaches
  3 goblins (D:1)
  A hobgoblin (D:1)
  4 kobolds (D:1)
  4 quokkas
  7 ball pythons
  3 frilled lizards
  5 rats
43 creatures vanquished.

Notes
Turn   | Place    | Note
-------+----------+-------------------------------------------
     0 | D:1      | Hasart the Vampire Enchanter began the quest for the Orb.
     0 | D:1      | Reached XP level 1. HP: 13/13 MP: 3/3
   161 | D:1      | Reached XP level 2. HP: 15/15 MP: 5/5
   164 | D:1      | Learned a level 2 spell: Ensorcelled Hibernation
   173 | D:1      | Found a faded altar of an unknown god.
   896 | D:1      | Gained mutation: You are afflicted with vampirism and can
                  | become a bat while bloodless. [Vampire growth]
   896 | D:1      | Reached XP level 3. HP: 19/19 MP: 6/6
   900 | D:1      | Learned a level 3 spell: Confusing Touch
  1099 | D:2      | Reached skill level 5 in Stealth
  1537 | D:2      | Reached skill level 1 in Ice Magic
  1642 | D:2      | Reached skill level 5 in Hexes
  2130 | D:3      | Slain by a killer bee zombie

Illustrated notes

Levels and vault maps discovered:
D:1:      dpeg_arrival_arbitrary_a, layout_basic,
          hellmonk_ecumenical_altar_arch_garden, kennysheep_doodads,
          nrook_mini_backslash
D:2:      layout_basic
D:3:      layout_basic, serial_shops, nicolae_square_shop, uniq_sigmund

Skill      XL: |  1  2  3 |
---------------+----------+-----
Stealth        | 5 |  5.2
Ice Magic      | 1 |  1.1
Hexes          | 5 |  5.0
Short Blades   | |  1.7
Dodging        | |  2.7
Spellcasting   | |  2.4

Action                   || total
-------------------------++-------
Melee: Dagger            ||    82
       Bite              ||     6
 Cast: Ensorcelled Hiber ||     5
       Confusing Touch   ||     1
 Abil: Exsanguinate      ||     1
 Stab: Sleeping          ||    22
Armor: Robe              ||    10
Dodge: Dodged            ||    50

Table legend: (Time is in decaauts)
 A = Elapsed time spent in this place.
 B = Non-inter-level travel time spent in this place.
 C = Inter-level travel time spent in this place.
 D = Time resting spent in this place.
 E = Time spent auto-exploring this place.
 F = Levels seen in this place.
 G = Mean time per level.
                   A        B        C        D        E       F      G
               +--------+--------+--------+--------+--------+-----+--------+
         Total |   2123 |   2063 |     60 |     53 |   1667 |   3 |  707.7 |
       Dungeon |   2123 |   2063 |     60 |     53 |   1667 |   3 |  707.7 |
               +--------+--------+--------+--------+--------+-----+--------+

Top non-repeatable levels by time:
     D:1: 1055 daAuts
     D:2: 1041 daAuts
     D:3: 26 daAuts
